 Dungeon Crawl Stone Soup version 0.21.1-1-g345015f (webtiles) character file.

23 letownia2 the Magician (level 2, -3/19 HPs)
             Began as a Merfolk Wizard on Mar 10, 2018.
             Slain by a hobgoblin
             ... wielding a cursed -1 club
              (4 damage)
             ... on level 3 of the Dungeon.
             The game lasted 00:02:50 (520 turns).

letownia2 the Magician (Merfolk Wizard)              Turns: 520, Time: 00:02:51

Health: -3/19      AC:  2    Str:  7    XL:     2   Next: 95%
Magic:  1/6        EV: 12    Int: 15    God:
Gold:   44         SH:  0    Dex: 12    Spells: 4/7 levels left

rFire    . . .     SeeInvis .   i - +0 whip
rCold    . . .     Gourm    .   (no shield)
rNeg     . . .     Faith    .   a - +0 robe
rPois    .         Spirit   .   b - +0 hat
rElec    .         Reflect  .   (no cloak)
rCorr    .         Harm     .   (no gloves)
MR       .....                  (no boots)
Stlth    +.........             (no amulet)
HPRegen  0.06/turn              k - -2 ring of intelligence (curse)
MPRegen  0.10/turn              (no ring)

@: very slightly contaminated, heavily drained
A: change form in water, swift swim, stealthy swim
a: no special abilities


You were on level 3 of the Dungeon.
You were not hungry.

You visited 1 branch of the dungeon, and saw 3 of its levels.

You collected 44 gold pieces.

Inventory:

Hand Weapons
 i - a +0 whip (weapon)
Armour
 a - a +0 robe (worn)
 b - a +0 hat (worn)
 g - a +0 ring mail
 m - a +0 leather armour
 n - a +0 scale mail
Jewellery
 j - an uncursed amulet of harm
 k - a cursed -2 ring of intelligence (left hand)
 o - an uncursed amulet of guardian spirit
Scrolls
 f - a scroll of identify {unknown}
 h - a scroll of amnesia {unknown}
Potions
 e - 2 potions of flight {unknown}
 l - a potion of magic {unknown}
Books
 c - a book of Minor Magic

   Spells                             Type                      Level
   a - Magic Dart                     Conjuration                  1
   b - Blink                          Translocation                2
   c - Call Imp                       Summoning                    2
   d - Slow                           Hexes                        2
   e - Conjure Flame                  Conjuration/Fire             3
   f - Mephitic Cloud                 Conjuration/Poison/Air       3
Comestibles
 d - 3 rations


   Skills:
 - Level 2.6(1.1) Dodging
 - Level 2.1(0.7) Stealth
 - Level 3.0(1.4) Spellcasting
 + Level 2.2(0.7) Conjurations
 - Level 1.0(0.0) Summonings
   Level 0.7(0.0) Translocations


You had 4 spell levels left.
You knew the following spells:

 Your Spells              Type           Power        Failure   Level  Hunger
a - Magic Dart            Conj           #...         17%         1    ##.....
i - Call Imp              Summ           #.......     34%         2    ###....


Dungeon Overview and Level Annotations

Branches:
Dungeon (3/15)

Altars:


Message History

Aim: a hobgoblin, wielding a club You miscast Magic Dart.
You smell something strange.
The hobgoblin hits you with a club.
* * * LOW HITPOINT WARNING * * *
Casting: Magic Dart
Confirm with . or Enter, or press ? or * to list all spells.
You don't have enough magic to cast that spell.
You hit the hobgoblin.
The hobgoblin is moderately wounded.
The hobgoblin completely misses you.
You hit the hobgoblin.
The hobgoblin is almost dead.
The hobgoblin barely misses you.
You closely miss the hobgoblin.
The hobgoblin is almost dead.
The hobgoblin misses you.
You hit the hobgoblin but do no damage.
The hobgoblin is almost dead.
The hobgoblin hits you with a club.
You die...

#####.#### #.#
#.# #.# #.# #.#
#.#
..#####.######.
.......@.......
#.###..g..#####
##...## ##.##
#.# #.# #+#


You could see a hobgoblin.

Vanquished Creatures
  3 leopard geckos
  A ball python (D:1)
  A bat (D:1)
  2 goblins (D:1)
  4 kobolds
  A quokka (D:2)
  3 rats
15 creatures vanquished.

Vanquished Creatures (collateral kills)
  A leopard gecko (D:1)
  A bat (D:1)
  A hobgoblin (D:1)
  A kobold (D:1)
4 creatures vanquished.

Grand Total: 19 creatures vanquished

Notes
Turn   | Place    | Note
-------+----------+-------------------------------------------
     0 | D:1      | letownia2 the Merfolk Wizard began the quest for the Orb.
     0 | D:1      | Reached XP level 1. HP: 13/13 MP: 4/4
    11 | D:1      | Reached skill level 1 in Conjurations
   193 | D:1      | Reached XP level 2. HP: 11/19 MP: 3/6
   197 | D:1      | Learned a level 2 spell: Call Imp
   520 | D:3      | Slain by a hobgoblin

Skill      XL: |  1  2 |
---------------+-------+-----
Conjurations   | 1 2 |  2.2
Dodging        | |  2.6
Stealth        | |  2.1
Spellcasting   | |  3.0
Summonings     | |  1.0
Translocations | |  0.7

Action                   || total
-------------------------++-------
Melee: Unarmed           ||    10
       Whip              ||    21
 Cast: Magic Dart        ||    29
       Call Imp          ||     3
 Stab: Sleeping          ||     1
Armor: Robe              ||    11
Dodge: Dodged            ||    40
